[Event "ChessKid Cup Div-II 2023"]
[Site "Online"]
[Date "2023.05.22"]
[Round "1.1"]
[White "Andreikin, Dmitry"]
[Black "Nguyen, Ngoc Truong Son"]
[Result "1/2-1/2"]
[ECO "E16"]
[WhiteElo "2729"]
[BlackElo "2645"]
[Annotator "TA"]
[PlyCount "133"]
[EventDate "2023.05.21"]
[EventType "k.o."]
[EventCountry "NET"]
[SourceTitle "playchess.com"]
[Source "ChessBase"]
[SourceQuality "1"]
[TimeControl "900+3"]

1. d4 Nf6 2. c4 e6 3. g3 d5 4. Bg2 Bb4+ 5. Nd2 O-O 6. Ngf3 b6 7. O-O Bb7 8. Ne5 Nbd7 9. Qa4 $1 {[%emt 0:00:51] Strongly threatening Nxd7. 9.Qa4 scores better than 9.Ndf3. E16: Queen's Indian: 4 g3 Bb7 5 Bg2 Bb4+.} Bxd2 10. Bxd2 Nxe5 11. dxe5 {[%emt 0:00:02] White is slightly better.} Nd7 12. cxd5 Bxd5 13. Bxd5 {[%emt 0:00:16] [#]} (13. Rfd1 {feels hotter.} Nc5 14. Qg4 f5 15. exf6 Qxf6 16. Be3) 13... exd5 $146 (13... Nc5 {is more complex.} 14. Qc2 Qxd5 15. Bf4 Qb7) ({Predecessor:} 13... Nc5 14. Qg4 exd5 15. Rac1 Qc8 16. Qxc8 Rfxc8 17. Rfd1 c6 18. Be3 Ne6 19. f4 f5 20. exf6 gxf6 {1-0 Durarbayli,V (2576)-Vidit,S (2669) Wch Blitz Almaty 2022 (4)}) 14. Bc3 Re8 15. Qf4 Qe7 16. Rad1 c6 17. e4 d4 18. Rxd4 Nxe5 19. Rfd1 (19. Qf5 $14 {deserves consideration.}) 19... c5 $36 {[%emt 0:00:25][%mdl 2048] Black has good play.} 20. Ra4 Ng6 21. Qf5 Rad8 {[%emt 0:00:15] Repels Rd7} 22. Rxd8 Rxd8 23. h4 (23. a3 $15) 23... Nf8 ({Black should play} 23... b5 $1 $17 24. Ra5 Rd1+ 25. Kg2 b4) 24. Qg5 f6 25. Qg4 Qd7 26. Qxd7 Rxd7 {[%emt 0:00:00][%mdl 4096] Endgame KRB-KRN} 27. f4 Ne6 28. f5 Nd8 29. e5 fxe5 30. Bxe5 Nc6 31. Bc3 h5 32. g4 b5 33. Ra6 Nd4 34. gxh5 Nxf5 35. a3 Nxh4 36. Rc6 c4 37. Rc5 a6 38. Rc6 Nf3+ 39. Kf2 Ng5 40. Ke3 Ra7 41. Rg6 {[%emt 0:00:09][%mdl 1024] White has compensation.} Re7+ 42. Kf4 Ne6+ (42... Nh3+ $1 $11 {keeps the balance.} 43. Kg3 Ng1) 43. Kf5 $16 {[%emt 0:00:02] White is more active.} Nc5 {[%emt 0:00:08] [#]} 44. h6 $1 {[%emt 0:00:04][%cal Og6c6] Black must now prevent Rc6!} Rf7+ 45. Kg4 Ne4 (45... Nd3 $16) 46. Bxg7 $18 ({Weaker is} 46. Rxa6 Nxc3 47. bxc3 gxh6 $11) (46. Rxg7+ Rxg7+ 47. Bxg7 Kh7 $11) 46... a5 47. Rb6 b4 (47... Nf2+ $2 48. Kh5 Kh7 49. Rxb5 $18) 48. axb4 axb4 49. Rxb4 Rc7 (49... Kh7 $16 50. Rxc4 Nf2+ 51. Kg3 Nd3) 50. Kf5 Ng3+ 51. Ke6 (51. Kg6 $142 Rc6+ 52. Bf6 Rxf6+ 53. Kxf6 Kh7 54. Rxc4 Kxh6 55. Rh4+ Nh5+ 56. Kf5) 51... Kh7 (51... Nf1 $142 52. Rb8+ Kh7 53. Rh8+ Kg6) 52. Kd6 $2 (52. Be5 Rc6+ 53. Kd5) 52... Rc8 53. Kd7 Rc5 54. Kd6 Rc8 55. Kd5 {[%emt 0:00:00] Prevents Ne4.} (55. Be5 $18 {and White stays clearly on top.} Nf5+ 56. Kd7) 55... Nf5 $16 56. Be5 (56. Rxc4 $2 {too greedy.} Ne3+ 57. Kd4 Nxc4 $19) 56... Kxh6 57. Rb6+ (57. Rxc4 $2 {perishes.} Ne3+ 58. Kd4 Nxc4 $19) 57... Kg5 58. Rb7 (58. Ke4 $5 Re8 59. Rc6 $14) 58... Kg4 59. Rf7 Rd8+ (59... Re8 $11) 60. Ke4 (60. Kxc4 $16 Ne3+ 61. Kb4) 60... Ng3+ $11 61. Bxg3 Kxg3 {[%emt 0:00:00] KR-KR} 62. Rf3+ Kg4 {[%emt 0:00:03] [#]} (62... Kg2 $1 $11 63. Rc3 Re8+ 64. Kd5 Re2) 63. Rc3 (63. Rf2 $1 $16) 63... Rd2 {[%emt 0:00:03] The position is equal.} 64. Rxc4 {[%emt 0:00:02] Intending Ke3+ and mate.} Rxb2 65. Ke3+ Kf5 66. Kd3 Ke5 67. Rc5+ {[%emt 0:00:01] White really could win this.   Weighted Error Value: White=0.42/Black=0.27 (precise)} 1/2-1/2

[Event "ChessKid Cup Div-II 2023"]
[Site "Online"]
[Date "2023.05.22"]
[Round "1.1"]
[White "Eljanov, Pavel"]
[Black "Rasulov, Vugar"]
[Result "1-0"]
[ECO "E54"]
[WhiteElo "2705"]
[BlackElo "2523"]
[Annotator "TA"]
[PlyCount "137"]
[EventDate "2023.05.21"]
[EventType "k.o."]
[EventCountry "NET"]
[SourceTitle "playchess.com"]
[Source "ChessBase"]
[SourceQuality "1"]
[TimeControl "900+3"]

1. d4 Nf6 2. c4 e6 3. Nc3 Bb4 4. e3 O-O 5. Bd3 d5 6. a3 Bxc3+ 7. bxc3 dxc4 8. Bxc4 c5 9. Nf3 Qc7 10. Be2 b6 11. O-O {[%emt 0:00:04] 11.Bb2 injects fresh life into this line.} Ba6 12. Bxa6 Nxa6 {[%emt 0:00:00] E54: Nimzo-Indian: Rubinstein: Main Line: 7...dxc4 8 Bxc4.} 13. Qe2 Qb7 14. Bb2 Rac8 {[%emt 0:00:30] The position is equal.} 15. Rfe1 Ne4 16. Ne5 {[%emt 0:02:28] [#]} b5 $146 ({Predecessor:} 16... Nb8 17. f3 Nd6 18. Rad1 Rfd8 19. e4 Nc6 20. Ng4 Na5 21. Bc1 cxd4 22. cxd4 Nac4 {1-0 Pein,M (2370)-Morrison,G (2335) London Nat West Young Masters 1985 (6)}) 17. f3 (17. c4 $5 ) 17... Nd6 (17... cxd4 $5 18. cxd4 (18. fxe4 dxc3 19. Bc1 Nc5 $15) 18... Nd6 $11) 18. e4 (18. a4 {feels hotter.} cxd4 19. axb5 dxc3 20. Ba3) 18... Nb8 19. Rad1 cxd4 20. cxd4 Nc4 21. Nxc4 bxc4 22. Bc3 Nd7 23. d5 e5 (23... Rfe8 $11 {remains equal.}) 24. Rb1 $36 {[%emt 0:00:22][%cal Bd1b1,Bb1b2,Bb2c2][%mdl 2080] White is really pushing.} Qa6 25. Bb4 Rfe8 26. Rec1 Rb8 27. Rb2 (27. Qxc4 Qxc4 28. Rxc4 a5 $17) (27. Rxc4 Qb6+ 28. Kh1 a5 $15) 27... Rec8 28. Rbc2 Rc7 29. g3 (29. Rxc4 Nb6 30. Bd6 Rxc4 $17) 29... Rbc8 30. Kg2 h5 31. d6 Rc6 32. f4 (32. Rd1 $16) 32... exf4 33. gxf4 Qb5 34. e5 a5 (34... Nc5 $16) 35. Be1 (35. Bc3 $18) 35... Nc5 $16 {[%emt 0:00:35] [#] ...Nd3 is the strong threat.} 36. Qxc4 (36. Rxc4 $2 Ne6 37. d7 Nxf4+ 38. Kf1 Nxe2 $19) ({White has to play} 36. Bc3 $1 $16) 36... Qb7 $11 37. Kg1 $2 (37. Bxa5 $2 Nb3 38. Qxc6 Rxc6 $19) (37. Qf1 $11) 37... Ne6 $2 (37... Nb3 $19 38. Qxc6 Rxc6 39. Rxc6 Nd4 40. Rc8+ Kh7) 38. Qe4 (38. Qxc6 Rxc6 39. Rxc6 Nxf4 $17) 38... Rxc2 39. Qxb7 Rxc1 40. f5 Nd4 (40... Rxe1+ $11 {and Black has nothing to worry.} 41. Kf2 Rec1 42. fxe6 fxe6) 41. Kf1 $2 (41. Kg2 $18 {and the rest is easy.}) 41... Nxf5 $16 42. d7 $2 {[%emt 0:00:11] Some like it hot} ({Only move:} 42. Qe4 $16 g6 43. d7) 42... Rf8 $2 (42... Ne3+ $2 43. Ke2 Rf8 44. Bd2 $18) (42... Rd8 $11) 43. Ke2 (43. Qe4 $142 Ne7 44. Ke2) 43... Rc5 $2 (43... Nd4+ 44. Kd2 Rc5) 44. Bf2 $18 (44. Qe4 Ne7 45. e6 Rc6 46. exf7+ (46. Bxa5 Rxe6 $11) 46... Kxf7 47. Qf4+ (47. Bxa5 Re6 $11) 47... Rf6 48. Qc4+ Re6+ 49. Kd1 Nc6 $18) 44... Rxe5+ 45. Kf3 Ne7 46. Qc7 Rd5 (46... Rf5+ $142 47. Kg3 h4+ 48. Kh3 (48. Kxh4 Rxf2 49. d8=Q Nf5+ 50. Kg4 Rxd8 $18) 48... Nd5) 47. Bc5 Rd3+ 48. Ke2 Nd5 49. Qd6 {[%emt 0:00:22] Active counter play!} ({Not} 49. d8=R Nf4+ 50. Qxf4 Rfxd8 $16) 49... Rd8 50. Kxd3 Nf6 51. Qc6 {[%emt 0:00:08] [#] Qc8 would kill now.} Nxd7 52. Kc3 {[%emt 0:00:04] Threatens to win with Qc7.} Nf6 53. Bd4 Nd5+ 54. Kc4 Ne7 55. Qb7 Nf5 56. Bc5 h4 57. Qc7 Re8 58. Qd7 Re6 59. Qd8+ Kh7 60. Qxa5 Re4+ 61. Kd3 Re5 62. Qb4 f6 63. a4 g5 64. a5 {[%emt 0:00:01] Threatening mate with a6.} g4 65. a6 {[%emt 0:00:02] White mates.} g3 66. hxg3 h3 67. a7 Rd5+ 68. Kc4 h2 69. Qb1 {[%emt 0:00:04] Weighted Error Value: White=0.54/Black=0.66} ({Weaker is} 69. a8=B h1=Q 70. Qb7+ (70. Bxd5 Qf1+ 71. Kc3 Qe1+ 72. Kd3 Qd1+ 73. Qd2 Qxd2+ 74. Kxd2 Nxg3 $16) 70... Kg6 71. Qxd5 Qxd5+ 72. Kxd5 (72. Bxd5 Nxg3 73. Bc6 Kf7 $16) 72... Nxg3 $18) 1-0

[Event "ChessKid Cup Div-II 2023"]
[Site "Online"]
[Date "2023.05.22"]
[Round "1.1"]
[White "Anton Guijarro, David"]
[Black "Kravtsiv, Martyn"]
[Result "1/2-1/2"]
[ECO "D56"]
[WhiteElo "2690"]
[BlackElo "2598"]
[Annotator "TA"]
[PlyCount "49"]
[EventDate "2023.05.21"]
[EventType "k.o."]
[EventCountry "NET"]
[SourceTitle "playchess.com"]
[Source "ChessBase"]
[SourceQuality "1"]
[TimeControl "900+3"]

1. c4 e6 2. Nc3 d5 3. d4 Nf6 4. Bg5 Be7 5. e3 h6 6. Bh4 O-O 7. Nf3 dxc4 8. Bxc4 {[%emt 0:00:02] D56: Queen's Gambit Declined: Lasker Defence.} c5 9. dxc5 Qxd1+ 10. Rxd1 {[%emt 0:00:02] White has an edge.} Bxc5 11. O-O a6 {[%emt 0:00:38] [#]} 12. Be2 $146 ({Predecessor:} 12. Rd2 b5 13. Be2 Bb7 14. Rfd1 g5 15. Bg3 Nc6 16. Ne5 Rfd8 17. Bf3 Rxd2 18. Rxd2 {1-0 Brodowski,P (2000)-Piec,M (1800) POL-chT2 South U19 2000 (9.3)}) 12... Nc6 13. Rc1 Rd8 14. Na4 Ba7 15. Bg3 Bd7 16. Bc7 Rdc8 17. Bb6 Nb4 {[%emt 0:00:02][%csl LRa2,LRa4] [#] ...Rxc1 would be deadly.} 18. Bxa7 {[%emt 0:00:01] Threatens to win with Rxc8+.} Bxa4 19. Bd4 Nxa2 20. Ra1 Bb5 21. Bxb5 axb5 22. Bxf6 gxf6 23. Nd4 Nb4 24. Rxa8 Rxa8 25. Nxb5 {[%emt 0:00:00] Weighted Error Value: White=0.08 (flawless) /Black=0.04 (flawless)} 1/2-1/2

[Event "ChessKid Cup Div-II 2023"]
[Site "Online"]
[Date "2023.05.22"]
[Round "1.1"]
[White "Fedoseev, Vladimir"]
[Black "Mamedyarov, Shakhriyar"]
[Result "0-1"]
[ECO "A29"]
[WhiteElo "2680"]
[BlackElo "2738"]
[Annotator "TA"]
[PlyCount "62"]
[EventDate "2023.05.21"]
[EventType "k.o."]
[EventCountry "NET"]
[SourceTitle "playchess.com"]
[Source "ChessBase"]
[SourceQuality "1"]
[TimeControl "900+3"]

1. c4 e5 2. g3 Nf6 3. Bg2 d5 4. cxd5 Nxd5 5. Nc3 Nb6 6. Nf3 Nc6 7. O-O Be7 8. a3 O-O 9. b4 Be6 10. d3 Re8 {[%emt 0:00:12] A29: English Opening: Four Knights Variation with 4 g3.} (10... a5 $5 11. b5 Nd4 $11) 11. Be3 Nd5 12. Nxd5 Bxd5 {[%emt 0:00:00] [#] The position is equal.} 13. Qc2 $146 ({Predecessor:} 13. Bc5 Bxc5 14. bxc5 Nd4 15. e3 Nxf3+ 16. Bxf3 e4 17. dxe4 Bxe4 18. Bxe4 Rxe4 {½-½ Gomes,M (2355)-Mohota,N (2271) IND-ch (Women) 41st 2014 (1)}) 13... a5 14. b5 Nd4 15. Bxd4 exd4 16. Rfc1 c5 17. bxc6 bxc6 18. Ne1 Bg5 {[%emt 0:01:06] A strong pair of Bishops.} 19. Rcb1 h5 20. Bxd5 Qxd5 21. Nf3 (21. h4 $5 Bf6 22. Rb6 $14) 21... Bf6 22. Rb6 Re6 23. Rab1 Kh7 24. Rb8 (24. h4 $14 {deserves consideration.}) 24... Rxb8 $11 25. Rxb8 h4 26. Qd2 (26. Nxh4 $2 {too greedy.} Bxh4 27. Rb1 Be7 $19) (26. Ra8 $11) 26... h3 $15 27. Kf1 $2 {[%emt 0:00:36] [#]} ({White should try} 27. Ne1 $15) 27... g5 $1 $19 {[%emt 0:00:21] aiming for ...g4.} 28. g4 Kg7 29. Ra8 c5 30. Rxa5 (30. Rb8 $17) 30... Rb6 {[%emt 0:00:16] ...Rb1+ would be deadly.} 31. Qc2 {[%emt 0:00:42] Repels Rb1+} Qb7 {[%emt 0:00:11] Weighted Error Value: White=0.69/Black=0.10 (very precise)} 0-1

[Event "ChessKid Cup Div-II 2023"]
[Site "Online"]
[Date "2023.05.22"]
[Round "1.1"]
[White "Sadhwani, Raunak"]
[Black "Gharibyan, Mamikon"]
[Result "1-0"]
[ECO "E15"]
[WhiteElo "2627"]
[BlackElo "2500"]
[Annotator "TA"]
[PlyCount "115"]
[EventDate "2023.05.21"]
[EventType "k.o."]
[EventCountry "NET"]
[SourceTitle "playchess.com"]
[Source "ChessBase"]
[SourceQuality "1"]
[TimeControl "900+3"]

1. Nf3 d5 2. d4 Nf6 3. c4 e6 4. g3 Bb4+ 5. Bd2 Be7 6. Bg2 Nbd7 7. O-O O-O 8. Qc2 c6 9. Rd1 b6 10. b3 Ba6 11. a4 $1 {[%emt 0:00:02] The main line 11.a4 scores better than 11.Bf4.} c5 {[%emt 0:00:42] E15: Queen's Indian: 4 g3 sidelines, 4 g3 Ba6 and 4 g3 Bb7 early deviations.} 12. a5 cxd4 13. Nxd4 Rc8 {[%emt 0:00:42] [#] White is slightly better.} 14. Nc3 $146 (14. axb6 $5 Qxb6 15. Be3 $11) ({Predecessor:} 14. axb6 Qxb6 15. Ba5 Qb8 16. Nd2 Bb7 17. Qb2 Nb6 18. Ra2 Rfd8 19. Rda1 Bc5 20. e3 {1-0 Ilincic,Z (2412)-Martinovici,I (2405) Budapest FS08 GM 2019 (4)}) 14... bxa5 15. Ncb5 Qb6 (15... Bc5 $142) 16. Bxa5 $16 (16. Rxa5 $6 dxc4 17. bxc4 Bxb5 18. Nxb5 a6 $11) 16... Qb8 {[%emt 0:00:59] [#]} 17. Bc7 $1 {[%emt 0:00:16][%mdl 576] Discovered Attack} Qb7 18. Bd6 {[%emt 0:00:02] White has more active pieces.} Nc5 (18... Nb8 $16 {is a better defense.}) 19. b4 Bxb5 20. Nxb5 (20. bxc5 Bxd6 21. Nxb5 Bxc5 $15) 20... a6 21. Bxe7 Qxe7 22. Nd4 $36 {[%emt 0:00:06][%mdl 2048] White is really pushing.} Nce4 23. c5 e5 (23... Qb7 $142) 24. Nf5 $18 Qe6 25. Ne3 Rfd8 {[%emt 0:00:55] [#]} 26. Nxd5 $1 {[%emt 0:00:16][%mdl 576] Deflection} Nxd5 27. Qxe4 (27. Bxe4 $6 Nxb4 28. Bxh7+ Kf8 $18) 27... Nc3 28. Rxd8+ Rxd8 29. Qc2 ({White should try} 29. Qe3 $18 Nb5 30. Bb7) 29... Qc4 $16 30. Kh1 Qxb4 31. c6 {[%emt 0:00:01] aiming for c7.} ({Much worse is} 31. Rxa6 $6 g6 32. Ra1 (32. Rd6 Rc8 $11) 32... Qxc5 $11) 31... g6 32. Rc1 (32. Rxa6 $2 {is the wrong capture.} Rd1+ $19) ({White should play} 32. h4) 32... Nb5 33. h4 ({Weaker is} 33. c7 Rc8 34. Qd3 Rxc7 $17) 33... Rd2 34. Qc5 Qxc5 35. Rxc5 {[%emt 0:00:00] Strongly threatening c7.} Rxe2 36. c7 Nxc7 37. Rxc7 {[%emt 0:00:00] Hoping for Kg1.} Rxf2 {[%emt 0:00:00][%mdl 4096] Endgame KRB-KR} 38. Re7 h5 39. Rxe5 {[%emt 0:00:02] Black must now prevent Ra5.} Kg7 (39... f5 $1 $14) 40. Re7 $18 a5 41. Re5 $2 (41. Kh2 $18) 41... a4 $2 (41... f5 $1 $11) 42. Ra5 Kf8 43. Rxa4 Kg7 44. Kg1 Rf5 45. Be4 Rf6 46. Kg2 Re6 47. Kf3 Rf6+ 48. Ke3 Rf1 49. Ra7 Re1+ 50. Kd4 Rg1 {[%emt 0:00:05] [#]} 51. Bd5 $2 (51. Ra3 $1 $18) 51... Rxg3 $11 52. Rxf7+ Kh6 53. Ke5 Rg4 54. Rf4 Rg1 55. Ra4 g5 $2 (55... Rg4 $11 56. Ra8 Rxh4) 56. Ra6+ $18 {[%emt 0:00:03] White is clearly winning.} Kg7 {[%emt 0:00:01] [#]} 57. Ra7+ $1 Kf8 58. Kd6 {[%emt 0:00:15] Weighted Error Value: White=0.21 (precise) /Black=0.26 (precise)} 1-0

[Event "ChessKid Cup Div-II 2023"]
[Site "Online"]
[Date "2023.05.22"]
[Round "1.1"]
[White "Meier, Georg"]
[Black "Alekseenko, Kirill"]
[Result "0-1"]
[ECO "A17"]
[WhiteElo "2614"]
[BlackElo "2686"]
[Annotator "TA"]
[PlyCount "108"]
[EventDate "2023.05.21"]
[EventType "k.o."]
[EventCountry "NET"]
[SourceTitle "playchess.com"]
[Source "ChessBase"]
[SourceQuality "1"]
[TimeControl "900+3"]

1. Nf3 d5 2. e3 Nf6 3. c4 e6 4. Nc3 a6 5. b3 Bd6 6. Bb2 {[%emt 0:00:06] A17: English Opening: 1...Nf6 with ...Bb4.} O-O 7. Rc1 {[%emt 0:00:30] 7.g3 is setting a new trend.} Nbd7 8. Be2 {[%emt 0:00:56] [#] The position is equal.} Re8 $146 ({Predecessor:} 8... b6 9. cxd5 exd5 10. Nd4 Nc5 11. O-O Qd7 12. d3 Re8 13. Bf3 Bb7 14. Nce2 Be5 {½-½ Rodriguez Vila,A (2431)-Aranha Filho,A (2150) Rio de Janeiro op 2nd 2023 (6)}) 9. O-O b6 10. cxd5 exd5 11. Re1 Bb7 12. h3 Nf8 13. Bf1 Ng6 14. Ne2 c5 15. d4 (15. g3 $11) 15... Rc8 (15... c4 $1 $15) 16. Qd3 Qe7 17. dxc5 bxc5 18. g3 {[%emt 0:00:07] [#]} (18. Nf4 $11) 18... d4 $1 $17 {[%emt 0:00:45][%mdl 64] Discovered Attack} 19. exd4 Be4 20. Nc3 Bxd3 21. Rxe7 Bxe7 22. Bxd3 cxd4 $1 23. Ne2 Rxc1+ 24. Nxc1 a5 25. Bxd4 Nd5 26. Bc4 {[%emt 0:02:30] [#]} Bf6 $1 27. Bc5 (27. Bxd5 Bxd4) 27... Nc3 28. a4 Ne4 29. Bb6 Bd8 30. Bb5 Bxb6 31. Bxe8 Bxf2+ 32. Kg2 Bxg3 33. Bc6 Nf4+ 34. Kf1 {[%emt 0:00:10] [#]} Nc5 35. Ng1 Kf8 {[%emt 0:00:09] Black is more active.} 36. Nce2 Nxe2 37. Nxe2 $19 {[%emt 0:00:00][%mdl 4096] Endgame KBN-KBN} Be5 38. Bd5 f5 39. Kg2 (39. Nc1 {was necessary.}) 39... Ke7 40. h4 h6 41. h5 {[%emt 0:00:19] [#]} Kf6 $1 42. Ng1 Kg5 43. Nf3+ Kf4 $1 ({Much less strong is} 43... Kxh5 44. Nxe5 Kg5 45. Nc6 $18) 44. Bf7 Bf6 45. Nd2 Bc3 46. Nc4 Nd3 ({Weaker is} 46... Nxb3 47. Nb6 Bd4 48. Bxb3 Bxb6 49. Bc2) 47. Nb6 {[%emt 0:00:37] Hoping for Nd5+.} Kg4 48. Nd5 Bd2 49. Kf1 Nc1 50. Ne7 f4 51. Nc6 (51. Nd5 $142) 51... Bc3 $2 ({Better is} 51... f3 $19 {...Bc3 is the strong threat.} 52. Be6+ Kg5) 52. Ne7 $2 (52. b4 $1 $11 {and White has nothing to worry.} Nd3 53. b5) 52... f3 {[%emt 0:00:02] White must now prevent ...Ne2.} 53. Nd5 $2 (53. Be6+ Kxh5 54. Kf2) 53... Bd4 {[%emt 0:00:10][%cal Oc1e2] Strongly threatening ...Ne2!} 54. Nc7 Ne2 {[%emt 0:00:05] Weighted Error Value: White=0.31/Black=0.14 (very precise)} 0-1

[Event "ChessKid Cup Div-II 2023"]
[Site "Online"]
[Date "2023.05.22"]
[Round "1.1"]
[White "Le, Tuan Minh"]
[Black "Oparin, Grigoriy"]
[Result "1/2-1/2"]
[ECO "D41"]
[WhiteElo "2542"]
[BlackElo "2667"]
[Annotator "TA"]
[PlyCount "81"]
[EventDate "2023.05.21"]
[EventType "k.o."]
[EventCountry "NET"]
[SourceTitle "playchess.com"]
[Source "ChessBase"]
[SourceQuality "1"]
[TimeControl "900+3"]

1. d4 Nf6 2. Nf3 d5 3. c4 e6 4. Nc3 c5 5. cxd5 cxd4 6. Qxd4 exd5 7. e4 {[%emt 0:00:31][%cal Re4d5] D41: Queen's Gambit Declined: Semi-Tarrasch with 5 cxd5.} dxe4 8. Bb5+ (8. Qxd8+ {simplifies} Kxd8 9. Ng5 Be6 10. Nxe6+ fxe6 11. Bg5) 8... Bd7 ({Resist} 8... Nc6 9. Qxd8+ Kxd8 10. Ng5 $14) 9. Ne5 {[%emt 0:05:24] [#] Threatens to win with Qc4. The position is equal.} Nc6 10. Bxc6 Bxc6 11. Nxc6 bxc6 12. Qc4 {[%emt 0:00:05] [#]} Qd6 $146 ({Predecessor:} 12... Rb8 13. Qxc6+ Qd7 14. Qxd7+ Kxd7 15. Bg5 Ke6 16. O-O-O Be7 17. Rhe1 Kf5 18. Bxf6 Bxf6 {1-0 Olsen,H (2278)-Vang,F Atlantic Airways Cup-A 2003 (9)}) 13. O-O Qe6 ({Much less strong is} 13... Qc5 14. Qa4 Be7 15. Be3 $16 (15. Nxe4 Nxe4 16. Qxe4 f5 $16)) 14. Qxe6+ fxe6 15. Bg5 Rb8 16. b3 Bb4 17. Rac1 Bxc3 18. Rxc3 Kd7 19. Rd1+ Nd5 20. Rc4 {[%emt 0:00:01] Dodges Rb4} h6 21. Bf4 Rb5 22. Rxe4 Rf8 23. Be5 Rf7 24. h4 h5 {[%emt 0:00:03] Prevents Rg4} 25. g3 Rc5 26. Rd2 {[%emt 0:00:05] Prevents Rc2. White has more active pieces.} g6 27. Kg2 Rf5 28. Bd4 Ra5 29. Rde2 c5 30. Be5 Ra6 31. Rc4 Rc6 32. Bb2 Nb6 33. Rce4 c4 34. bxc4 Nxc4 35. Bg7 a5 36. Bh6 a4 37. Bg5 Rd5 38. Rf4 Rf5 {[%emt 0:00:00] Inhibits Rf7+.} 39. Rfe4 Rd5 40. Rf4 Rf5 {[%emt 0:00:01] Wards off Rf7+} 41. Rfe4 {[%emt 0:00:01] Weighted Error Value: White=0.08 (flawless) /Black=0.06 (flawless)} (41. Rd4+ $14 Rd5 42. Ree4 Rxd4 43. Rxd4+ Kc7 44. Kf3) 1/2-1/2

[Event "ChessKid Cup Div-II 2023"]
[Site "Online"]
[Date "2023.05.22"]
[Round "1.1"]
[White "Bharath Subramaniyam H"]
[Black "Le, Quang Liem"]
[Result "0-1"]
[ECO "A27"]
[WhiteElo "2517"]
[BlackElo "2728"]
[Annotator "TA"]
[PlyCount "60"]
[EventDate "2023.05.21"]
[EventType "k.o."]
[EventCountry "NET"]
[SourceTitle "playchess.com"]
[Source "ChessBase"]
[SourceQuality "1"]
[TimeControl "900+3"]

1. c4 e5 2. Nf3 Nc6 3. d4 e4 4. Ng5 f5 5. Nc3 Nf6 6. Bf4 {[%emt 0:00:54] A27: English Opening: Three Knights Variation.} (6. e3 $11) 6... h6 $15 7. Nh3 {[%emt 0:00:06] [#]} g5 $146 ({Predecessor:} 7... Bb4 8. e3 d6 9. d5 Bxc3+ 10. bxc3 Ne7 11. Be2 O-O 12. O-O Nd7 13. c5 Nxc5 {0-1 Petricek,J (1876)-Janovec,V (1837) CZE-ch O183 email 2003}) 8. Be5 (8. Bd2 $15) 8... Nxe5 $17 9. dxe5 Ng4 10. e3 Nxe5 11. Qh5+ Nf7 12. Qg6 {[%emt 0:01:22] Dodges Bg7} Bb4 13. Qxf5 Bxc3+ 14. bxc3 Qe7 15. Be2 Qe5 16. Qxe5+ Nxe5 17. O-O-O b6 18. Ng1 Bb7 19. f4 {[%emt 0:00:29] [#]} exf3 $1 20. Nxf3 Ng4 21. Rde1 (21. Rd4 $17 Nf2 22. Rf1) 21... O-O $19 ({Don't do} 21... Nxe3 22. Bd1 $18) 22. h4 Nxe3 23. Rhg1 Rae8 {[%emt 0:00:59][%cal Oe3g2] Strongly threatening ...Nxg2!} 24. hxg5 {[%emt 0:00:10] [#]} (24. Bd1 {only move.}) 24... Nxg2 $1 {[%emt 0:00:03][%mdl 576] Remove Defender} 25. Rxg2 Bxf3 26. Rf2 hxg5 27. Rg1 $2 (27. Kd2 Rxe2+ 28. Rfxe2 Bxe2 29. Rxe2) 27... Rxe2 {[%emt 0:00:04] Black is clearly winning.} (27... Bxe2 $2 {leads to mate.} 28. Rxg5+ Kh8 29. Rh2+) 28. Rxg5+ Kh7 29. Rf1 Rxa2 {[%emt 0:00:26] Threatens to win with ...Ra1+.} 30. Kb1 {[%emt 0:00:09] Wards off Ra1+} Be4+ {[%emt 0:00:02] White got outplayed after the opening.   Weighted Error Value: White=0.49/Black=0.03 (flawless)} 0-1